 Dungeon Crawl Stone Soup version 0.30-a0-141-g30f27751c5 (webtiles) character file.

Game seed: 14986110436766901014

1420 qw the Cleaver (level 8, -6/49 HPs)
             Began as a Gargoyle Fighter on Sept 25, 2022.
             Mangled by Maggie
             ... wielding a +5 vorpal war axe
              (8 damage)
             ... on level 6 of the Dungeon.
             The game lasted 00:01:37 (5114 turns).

qw the Cleaver (Gargoyle Fighter)                   Turns: 5114, Time: 00:01:37

Health: -6/49      AC: 23    Str: 23    XL:     8   Next: 71%
Magic:  8/8        EV:  6    Int:  8    God:
Gold:   260        SH:  4    Dex: 13    Spells: 7/7 levels left

rFire   . . .      SeeInvis .    Y - +1 war axe
rCold   . . .      Faith    .    c - +0 buckler
rNeg    + . .      Spirit   .    k - +6 plate armour of Hubris {Dex+4}
rPois   inf        Reflect  .    (no helmet)
rElec   +          Harm     .    (no cloak)
rCorr   .          Rampage  .    (no gloves)
Will    .....                    (no boots)
Stlth   ..........               (no amulet)
HPRegen 0.16/turn                (no ring)
MPRegen 0.11/turn                (no ring)

@: mesmerised
A: sickness immunity, AC +5, negative energy resistance 1, electricity
resistance, torment resistance 1, petrification resistance
a: no special abilities


You were on level 6 of the Dungeon.
You visited 1 branch of the dungeon, and saw 6 of its levels.

You collected 284 gold pieces.
You spent 24 gold pieces at shops.


Innate Abilities, Weirdness & Mutations

You are immune to sickness and miasma.
Your stone body is resilient. (AC +5)
You are immune to poison.
You resist negative energy. (rN+)
You are resistant to electric shocks. (rElec)
You are resistant to unholy torment.
You are immune to petrification.


   Skills:
 + Level 5.0 Fighting
 - Level 8.4 Axes
 - Level 2.1 Throwing
 - Level 4.0 Armour
 - Level 1.7 Dodging
 - Level 3.2 Shields


You had 7 spell levels left.
You didn't know any spells.
Your spell library was empty.

Inventory:

Hand Weapons
 i - a +0 flail
 Y - a +1 war axe (weapon)
Missiles
 l - 4 boomerangs (quivered)
Armour
 c - a +0 buckler (worn)
 k - the +6 plate armour of Hubris (worn) {Dex+4}
   (You found it on level 2 of the Dungeon)

   Dex:       It affects your dexterity (+4).
Jewellery
 h - a ring of ice
Scrolls
 g - 5 scrolls of identify
Potions
 a - a potion of attraction
 d - a potion of might
 e - 2 potions of curing
 n - a potion of lignification

Dungeon Overview and Level Annotations

Branches:
Dungeon (6/15)             Temple (0/1) D:6

Altars:
Fedhas
Hepliaklqana
Makhleb
Qazlal
Xom

Shops:
D:1 ?

Annotations:
D:6 Eustachio, Maggie


Message History

You feel much better.
Maggie points at you and mumbles some strange words.
The bolt of fire hits you!!
You hit Maggie.
Maggie is lightly wounded.
Maggie gestures wildly while chanting.
Maggie attempts to bespell you!
You easily resist.
You barely miss Maggie.
Maggie is lightly wounded.
Maggie hits you with a +5 vorpal war axe.
You barely miss Maggie.
Maggie is lightly wounded.
You hear an angry growl.
Maggie hits you but does no damage.
You slash Maggie!
Maggie is moderately wounded.
Maggie mumbles some strange words.
Maggie attempts to bespell you!
You are mesmerised by Maggie!
You closely miss Maggie.
Maggie is moderately wounded.
Maggie hits you but does no damage.
You hit Maggie.
Maggie is moderately wounded.
Maggie hits you with a +5 vorpal war axe.
You hear an angry growl.
You closely miss Maggie.
Maggie is moderately wounded.
Maggie practices a pose.
You block Maggie's attack.
You hear an angry growl.
Maggie barely misses you.
You barely miss Maggie.
Maggie is moderately wounded.
You hear the slow hiss of an avalanche of sand nearby.
Maggie hits you with a +5 vorpal war axe.
You hit Maggie.
Maggie is heavily wounded.
Maggie hits you with a +5 vorpal war axe!
You die...

#. #. #.
###.### #
#.....###.#
####........?#
..........####
###......#
#.....@..#
##...@...#
#......##
+........
###.....##
#.###.# #. #..
#. .#


You could see Maggie (mesmerising).

Vanquished Creatures
  Pikel (D:5)
  An ogre (D:5)
  A centaur (D:5)
  2 phantoms
  2 scorpions
  A hound (D:5)
  2 orc priests
  2 gnoll boudas (D:5)
  2 iguanas
  3 orc wizards
  4 adders
  13 gnolls
  An ufetubus (D:5)
  A worm (D:4)
  4 dart slugs
  11 orcs
  7 bats
  3 endoplasms
  2 giant cockroaches (D:2)
  6 goblins
  8 hobgoblins
  3 quokkas
  4 ball pythons
  3 frilled lizards
  3 kobolds
  5 rats
95 creatures vanquished.

Vanquished Creatures (others)
  2 plants (D:5)
2 creatures vanquished.

Grand Total: 97 creatures vanquished

Notes
Turn   | Place    | Note
-------+----------+-------------------------------------------
     0 | D:1      | qw the Gargoyle Fighter began the quest for the Orb.
     0 | D:1      | Reached XP level 1. HP: 14/14 MP: 1/1
     0 | D:1      | 0 ||| qw: Version: 0.2-a-10-g399e6c4
     0 | D:1      | 0 ||| qw: Game counter: 320
     0 | D:1      | 0 ||| qw: Always use a shield: true
     0 | D:1      | 0 ||| qw: God list: Okawaru
     0 | D:1      | 0 ||| qw: Allow faded altars: false
     0 | D:1      | 0 ||| qw: Do Orc after D:15 true
     0 | D:1      | 0 ||| qw: Do second Lair branch before Depths: true
     0 | D:1      | 0 ||| qw: Lair rune preference: random
     0 | D:1      | 0 ||| qw: Plans: Normal, Zot:1-4, God:TSO, Crypt, Tomb,
                  | Pan, Slime:5, Hells, Abyss, Orb
     0 | D:1      | 0 ||| PLANNING D:1-11
    48 | D:1      | 48 ||| Stepping ~*~*~tactically~*~*~ (stealth).
    49 | D:1      | 49 ||| Stepping ~*~*~tactically~*~*~ (stealth).
    59 | D:1      | Reached skill level 2 in Axes
    89 | D:1      | Reached XP level 2. HP: 18/19 MP: 2/2
   314 | D:1      | 314 ||| Stepping ~*~*~tactically~*~*~ (stealth).
   319 | D:1      | 319 ||| Stepping ~*~*~tactically~*~*~ (stealth).
   321 | D:1      | 321 ||| Stepping ~*~*~tactically~*~*~ (hiding).
   399 | D:1      | Found Utoy's Magic Scroll Shoppe.
   406 | D:1      | 406 ||| SHOPLISTING 2 scrolls of identify (48 gold, have
                  | 34).
   406 | D:1      | 406 ||| SHOPLISTING scroll of enchant armour (90 gold, have
                  | 34).
   406 | D:1      | 406 ||| BUYING scroll of identify (24 gold).
   406 | D:1      | Bought a scroll of identify for 24 gold pieces
   406 | D:1      | 406 ||| SHOPLISTING scroll of identify (24 gold, have 10).
   406 | D:1      | 406 ||| SHOPLISTING scroll of teleportation (36 gold, have
                  | 10).
   758 | D:1      | Reached skill level 3 in Axes
   992 | D:1      | Reached XP level 3. HP: 22/23 MP: 3/3
  1177 | D:1      | 1177 ||| READING scroll labelled ZIROR LIFEG.
  1178 | D:1      | 1178 ||| READING scroll labelled NEXKAT TETOUPA.
  1292 | D:2      | Identified the +6 plate armour of Hubris {Dex+4}
  1301 | D:2      | 1301 ||| Stepping ~*~*~tactically~*~*~ (stealth).
  1302 | D:2      | 1302 ||| Stepping ~*~*~tactically~*~*~ (stealth).
  1362 | D:2      | 1362 ||| Stepping ~*~*~tactically~*~*~ (stealth).
  1364 | D:2      | 1364 ||| Stepping ~*~*~tactically~*~*~ (stealth).
  1380 | D:2      | 1380 ||| DROPPING +0 club.
  1745 | D:2      | Found a faded altar of an unknown god.
  1875 | D:2      | 1875 ||| Stepping ~*~*~tactically~*~*~ (hiding).
  1876 | D:2      | 1876 ||| Stepping ~*~*~tactically~*~*~ (hiding).
  1968 | D:2      | 1968 ||| UPGRADING to +6 plate armour of Hubris {Dex+4}.
  1978 | D:2      | 1978 ||| DROPPING +0 scale mail.
  1979 | D:2      | 1979 ||| READING scroll labelled WAQO DIADEMI.
  1983 | D:2      | 1983 ||| READING 2 scrolls labelled BULLOR GIEGRAFU.
  1984 | D:2      | 1984 ||| READING scroll labelled DACLON ITEONN.
  1985 | D:2      | 1985 ||| READING scroll labelled YNKAXTE BEGA.
  1986 | D:2      | 1986 ||| DRINKING 4 grey potions.
  1987 | D:2      | 1987 ||| DRINKING 2 glowing brown potions.
  2021 | D:2      | 2021 ||| READING 2 scrolls of identify.
  2021 | D:2      | 2021 ||| IDENTIFYING lumpy yellow potion
  2022 | D:2      | 2022 ||| DROPPING potion of ambrosia.
  2023 | D:2      | 2023 ||| DROPPING scroll of magic mapping.
  2108 | D:3      | Reached XP level 4. HP: 28/28 MP: 4/4
  2197 | D:3      | 2197 ||| Stepping ~*~*~tactically~*~*~ (stealth).
  2202 | D:3      | 2202 ||| Stepping ~*~*~tactically~*~*~ (stealth).
  2215 | D:3      | Found a stormy altar of Qazlal.
  2326 | D:3      | 2326 ||| Stepping ~*~*~tactically~*~*~ (stealth).
  2328 | D:3      | Reached skill level 1 in Throwing
  2334 | D:3      | 2334 ||| Stepping ~*~*~tactically~*~*~ (stealth).
  2344 | D:3      | Reached skill level 4 in Axes
  2661 | D:3      | Reached XP level 5. HP: 32/32 MP: 5/5
  2885 | D:3      | 2885 ||| DRINKING 2 blue potions.
  2989 | D:3      | 2989 ||| READING 4 scrolls of identify.
  2989 | D:3      | 2989 ||| IDENTIFYING pink potion
  2990 | D:3      | 2990 ||| READING 3 scrolls of identify.
  2990 | D:3      | 2990 ||| IDENTIFYING cyan potion
  2991 | D:3      | 2991 ||| DROPPING potion of berserk rage.
  3014 | D:4      | 3014 ||| Stepping ~*~*~tactically~*~*~ (hiding).
  3016 | D:4      | 3016 ||| Stepping ~*~*~tactically~*~*~ (hiding).
  3017 | D:4      | 3017 ||| Stepping ~*~*~tactically~*~*~ (hiding).
  3030 | D:4      | 3030 ||| Stepping ~*~*~tactically~*~*~ (hiding).
  3078 | D:4      | 3078 ||| Stepping ~*~*~tactically~*~*~ (stealth).
  3108 | D:4      | 3108 ||| DROPPING +0 mace.
  3226 | D:4      | 3226 ||| Stepping ~*~*~tactically~*~*~ (stealth).
  3227 | D:4      | 3227 ||| Stepping ~*~*~tactically~*~*~ (stealth).
  3230 | D:4      | Reached skill level 5 in Axes
  3322 | D:4      | Found a shimmering altar of Xom.
  3440 | D:4      | Reached skill level 1 in Dodging
  3440 | D:4      | Reached XP level 6. HP: 30/37 MP: 6/6
  3581 | D:4      | Found a blossoming altar of Fedhas.
  3648 | D:4      | 3648 ||| Stepping ~*~*~tactically~*~*~ (stealth).
  3649 | D:4      | 3649 ||| Stepping ~*~*~tactically~*~*~ (stealth).
  3732 | D:4      | 3732 ||| DROPPING orb of mayhem.
  3733 | D:4      | 3733 ||| READING scroll labelled AWEPRIYLEA.
  3765 | D:5      | Entered Level 5 of the Dungeon
  3766 | D:5      | 3766 ||| Stepping ~*~*~tactically~*~*~ (hiding).
  3826 | D:5      | Found a hazy altar of Hepliaklqana.
  3832 | D:5      | Reached skill level 6 in Axes
  3832 | D:5      | Reached XP level 7. HP: 30/43 MP: 7/7
  3923 | D:5      | 3923 ||| Stepping ~*~*~tactically~*~*~ (stealth).
  3924 | D:5      | 3924 ||| Stepping ~*~*~tactically~*~*~ (stealth).
  3925 | D:5      | 3925 ||| FLEEEEING.
  3926 | D:5      | 3926 ||| FLEEEEING.
  3927 | D:5      | 3927 ||| FLEEEEING.
  3928 | D:5      | 3928 ||| FLEEEEING.
  3929 | D:5      | 3929 ||| FLEEEEING.
  3931 | D:5      | 3931 ||| FLEEEEING.
  3932 | D:5      | 3932 ||| STAIRDANCE
  3988 | D:5      | 3988 ||| STAIRDANCE
  3995 | D:5      | 3995 ||| STAIRDANCE
  4012 | D:5      | 4012 ||| Stepping ~*~*~tactically~*~*~ (hiding).
  4014 | D:5      | 4014 ||| Stepping ~*~*~tactically~*~*~ (hiding).
  4018 | D:5      | HP: 5/43 [orc priest/divine providence (15)]
  4019 | D:5      | 4019 ||| READING scroll of teleportation.
  4020 | D:5      | 4020 ||| DRINKING 3 potions of heal wounds.
  4265 | D:5      | Found a burning altar of Makhleb.
  4265 | D:5      | Noticed a cacodemon
  4337 | D:5      | 4337 ||| Stepping ~*~*~tactically~*~*~ (stealth).
  4337 | D:5      | Noticed Pikel
  4339 | D:5      | 4339 ||| Stepping ~*~*~tactically~*~*~ (hiding).
  4359 | D:5      | Killed Pikel
  4360 | D:5      | Reached skill level 8 in Axes
  4360 | D:5      | Reached XP level 8. HP: 36/48 MP: 8/8
  4507 | D:5      | 4507 ||| Stepping ~*~*~tactically~*~*~ (hiding).
  4730 | D:5      | 4730 ||| Stepping ~*~*~tactically~*~*~ (hiding).
  4742 | D:5      | 4742 ||| Stepping ~*~*~tactically~*~*~ (stealth).
  4748 | D:5      | 4748 ||| Stepping ~*~*~tactically~*~*~ (stealth).
  4750 | D:5      | 4750 ||| Stepping ~*~*~tactically~*~*~ (hiding).
  5029 | D:5      | 5029 ||| READING scroll labelled KULARI BOITZ.
  5030 | D:5      | 5030 ||| READING 7 scrolls of identify.
  5030 | D:5      | 5030 ||| IDENTIFYING clear potion
  5031 | D:5      | 5031 ||| READING 6 scrolls of identify.
  5031 | D:5      | 5031 ||| IDENTIFYING amethyst potion
  5032 | D:5      | 5032 ||| DROPPING potion of invisibility.
  5033 | D:5      | 5033 ||| DROPPING potion of flight.
  5069 | D:6      | 5069 ||| PLANNING OSSUARY
  5075 | D:6      | Found a staircase to the Ecumenical Temple.
  5075 | D:6      | Noticed Eustachio
  5076 | D:6      | 5076 ||| Stepping ~*~*~tactically~*~*~ (stealth).
  5078 | D:6      | 5078 ||| Stepping ~*~*~tactically~*~*~ (hiding).
  5095 | D:6      | HP: 8/49 [orc priest/nerve-wracking pain (7)]
  5096 | D:6      | 5096 ||| READING scroll of teleportation.
  5097 | D:6      | 5097 ||| DRINKING 2 potions of heal wounds.
  5100 | D:6      | Noticed Maggie
  5104 | D:6      | HP: 12/49 [Maggie/+5 vorpal war axe (7)]
  5104 | D:6      | HP: 5/49 [Maggie/bolt of fire (6)]
  5105 | D:6      | 5105 ||| DRINKING potion of heal wounds.
  5111 | D:6      | HP: 5/49 [Maggie/+5 vorpal war axe (5)]
  5113 | D:6      | HP: 2/49 [Maggie/+5 vorpal war axe (1)]
  5114 | D:6      | Mangled by Maggie

Levels and vault maps discovered:
D:1:      tarquinn_simple_flora_water_d, layout_basic, serial_shops,
          nicolae_shop_competitors_out_of_business
D:2:      layout_loops_cross, shapermc_ecumenical_altar_starsandcircs,
          amethyst_killhole
D:3:      layout_basic, overflow_temple_1_default
D:4:      layout_basic, mainiacjoe_overflow_concentric_impassable,
          fedhas_altar_2, minmay_liquid_box
D:5:      layout_loops_cross, nicolae_hepliaklqana_hazy_memory,
          makhleb_altar_promises_db, uniq_pikel
D:6:      layout_loops_ring, nicolae_vehumet_altar_sigil, slow_altar_1,
          minmay_temple_entry_water_ring, nicolae_ossuary_entry_catacombs,
          uniq_duvessa, uniq_blork_the_orc, uniq_maggie, uniq_eustachio

Skill      XL: |  1  2  3  4  5  6  7  8 |
---------------+-------------------------+-----
Axes           | 2 3 4 5 6 8 |  8.4
Throwing       | 1 2 |  2.1
Dodging        | 1 |  1.7
Fighting       | 4 5 |  5.0
Armour         | 4 |  4.0
Shields        | |  3.2

Action                   |  1- 3 |  4- 6 |  7- 9 || total
-------------------------+-------+-------+-------++-------
Melee: War axe           |    86 |    81 |   134 ||   301
Throw: Javelin           |       |    31 |    12 ||    43
       Boomerang         |       |       |     2 ||     2
  Use: Scroll            |     7 |     3 |     5 ||    15
       Potion            |     2 |     1 |     3 ||     6
Armor: Scale mail        |    37 |       |       ||    37
       Plate armour      |       |    57 |   109 ||   166
Dodge: Dodged            |    33 |    27 |    42 ||   102
Block: Buckler           |    17 |    15 |    50 ||    82

Table legend:
 A = Non-vault XP
 B = Vault XP
 C = Vault XP percentage of total XP
 D = Non-vault monster count
 E = Vault monster count
 F = Vault count percentage of total count
                 A         B        C        D         E       F
            +---------+---------+-------+---------+---------+-------
      Total |    1366 |     663 |  32.7 |      94 |       1 |   1.1
            +---------+---------+-------+---------+---------+-------
        D:1 |      36 |       0 |   0.0 |      19 |       0 |   0.0
        D:2 |      44 |       0 |   0.0 |      10 |       0 |   0.0
        D:3 |      89 |       0 |   0.0 |      21 |       0 |   0.0
        D:4 |     323 |       0 |   0.0 |      15 |       0 |   0.0
        D:5 |     820 |     663 |  44.7 |      27 |       1 |   3.6
        D:6 |      54 |       0 |   0.0 |       2 |       0 |   0.0
            +---------+---------+-------+---------+---------+-------
